Map: Eternal Empire LE

Players

DnS - Winner!

  • Race: Protoss Protoss
  • Spawn Location: 1:00

Garitos

  • Race: Zerg Zerg
  • League: Grandmaster
  • Spawn Location: 7:00

Event: DreamHack SC2 Masters 2020 Fall

VOD

Have the link to the VOD?

Description

Time

  • Played on: Sept. 4, 2020, 1:59 p.m.
  • Length: 6:17

All games in this series

Show
View Real Time Build Order
Export as new Build Order

DnS Protoss - Winner!

Build Orders:  

Get SALT Encoding   

  12  0:00  Probe  
  13  0:12  Probe  
  14  0:19  Pylon  
  14  0:24  Probe  
  15  0:37  Probe (Chrono Boost)  
  15  0:40  Gateway  
  16  0:47  Probe (Chrono Boost)  
  17  0:50  Assimilator  
  17  0:52  Probe  
  18  1:05  Probe  
  19  1:17  Probe  
  20  1:26  Zealot (Chrono Boost)  
  20  1:29  Probe  
  23  1:35  Pylon  
  23  1:36  Cybernetics Core  
  23  1:53  Probe  
  26  2:06  Probe  
  25  2:10  Adept (Chrono Boost)  
  25  2:12  Pylon  
  27  2:20  Nexus  
  27  2:23  Probe  
  27  2:27  Assimilator  
  28  2:32  Warp Gate  
  28  2:36  Probe  
  29  2:43  Pylon  
  29  2:49  Stalker  
  31  3:04  Twilight Council  
  31  3:06  Probe  
  34  3:22  Probe (Chrono Boost)  
  33  3:27  Robotics Facility  
  33  3:33  Probe (Chrono Boost)  
  35  3:34  Probe (Chrono Boost)  
  35  3:36  Gateway  
  35  3:39  Adept  
  38  3:41  Probe (Chrono Boost)  
  38  3:45  Resonating Glaives (Chrono Boost)  
  38  3:47  Probe  
  38  3:49  Probe  
  40  3:56  Gateway  
  40  4:02  Gateway  
  40  4:13  Warp Prism (Chrono Boost)  
  40  4:16  Probe x2  
  44  4:21  Adept  
  44  4:23  Pylon  
  46  4:28  Probe x2  
  46  4:31  Adept  
  50  4:38  Pylon  
  50  4:40  Observer (Chrono Boost)  
  50  4:41  Probe x2  
  53  4:54  Adept x3  
  53  4:56  Adept  
  53  4:59  Pylon  
  61  5:02  Probe  
  61  5:03  Probe, Pylon  
  61  5:06  Assimilator  
  63  5:21  Adept x4  
  67  5:22  Probe  
  72  5:30  Probe  
  72  5:32  Assimilator  
  72  5:33  Pylon  
  71  5:52  Adept x4  
  69  6:13  Adept x4  
Show
View Real Time Build Order
Export as new Build Order

Garitos Zerg 

Build Orders: 3 Hatch before Pool 

Get SALT Encoding   

  12  0:01  Drone  
  13  0:12  Overlord  
  13  0:19  Drone  
  14  0:27  Extractor  
  14  0:28  Drone  
  15  0:51  Drone  
  15  0:55  Hatchery  
  15  1:16  Hatchery  
  14  1:19  Drone  
  14  1:22  Drone  
  16  1:37  Spawning Pool  
  15  1:41  Drone  
  15  1:44  Drone  
  17  1:47  Drone  
  18  1:58  Extractor  
  17  2:11  Drone  
  18  2:23  Queen x2  
  18  2:24  Zergling x4  
  18  2:25  Zergling x2  
  18  2:28  Zergling x2  
  26  2:32  Drone  
  26  2:35  Drone  
  28  2:45  Overlord  
  28  2:58  Metabolic Boost  
  28  3:04  Drone x2  
  28  3:05  Drone  
  30  3:14  Spore Crawler  
  29  3:26  Hatchery  
  28  3:30  Drone  
  28  3:31  Drone  
  30  3:36  Drone x2  
  30  3:38  Drone  
  33  3:48  Overlord  
  33  3:51  Overlord  
  33  4:08  Drone  
  33  4:09  Drone x2  
  35  4:13  Drone x6  
  41  4:25  Extractor  
  41  4:26  Zergling x4  
  41  4:27  Roach Warren, Zergling x2  
  41  4:28  Zergling x2  
  43  4:33  Overlord  
  43  4:38  Zergling x4  
  44  4:41  Zergling x2  
  44  4:43  Zergling x2  
  47  4:48  Zergling x4  
  47  4:51  Overlord  
  47  4:52  Zergling x2  
  50  4:55  Zergling x2  
  51  5:04  Spore Crawler  
  50  5:11  Roach x3  
  56  5:15  Roach  
  56  5:19  Roach  
  56  5:20  Roach  
  62  5:23  Roach  
  64  5:35  Roach  
  64  5:40  Overlord x2  
  64  5:45  Roach  
  64  5:48  Roach  
  62  5:51  Roach x2  
  62  5:52  Roach  
  62  5:53  Roach  

Tags
 
Add a new tag
Caveats
  • Supply blocks, unpowered buildings, or Contaminate may cause inaccurate times.
  • Supply counts are checked every 10 seconds.